 Dungeon Crawl Stone Soup version 0.29.1-4-g47bece8355 (webtiles) character file.

Game seed: 11029367567600282926

595 safid the Shooter (level 7, 0/64 HPs)
             Began as a Minotaur Hunter on Dec 1, 2022.
             Was a Follower of Okawaru.
             Slain by an iguana (10 damage)
             ... on level 4 of the Dungeon.
             The game lasted 00:04:02 (4001 turns).

safid the Shooter (Minotaur Hunter)                 Turns: 4001, Time: 00:04:03

Health: 0/64       AC:  3    Str: 15    XL:     7   Next: 17%
Magic:  6/6        EV: 12    Int:  6    God:    Okawaru [*.....]
Gold:   266        SH:  0    Dex: 16    Spells: 6/6 levels left

rFire   . . .      SeeInvis .   a - +0 shortbow
rCold   . . .      Faith    .   (shield currently unavailable)
rNeg    . . .      Spirit   .   c - +0 leather armour
rPois   .          Reflect  .   (helmet restricted)
rElec   .          Harm     .   (no cloak)
rCorr   .          Rampage  .   (no gloves)
Will    .....                   (no boots)
Stlth   +.........              (no amulet)
HPRegen 0.20/turn               (no ring)
MPRegen 0.10/turn               (no ring)

@: no status effects
A: horns 2, retaliatory headbutt
a: Renounce Religion, Heroism


You were on level 4 of the Dungeon.
You worshipped Okawaru.
Okawaru was aware of your devotion.
You visited 1 branch of the dungeon, and saw 5 of its levels.

You collected 266 gold pieces.

Inventory:

Hand Weapons
 a - a +0 shortbow (weapon)
Armour
 c - a +0 leather armour (worn)
Jewellery
 l - a ring of fire
 n - an amulet of magic regeneration
Wands
 v - a wand of flame (18)
Scrolls
 b - 3 scrolls of immolation
 f - 5 scrolls of identify {unknown}
 g - 2 scrolls of noise {unknown}
 h - 2 scrolls of fear {unknown}
 j - 2 scrolls of summoning {unknown}
 k - a scroll of silence {unknown}
 m - 3 scrolls of enchant weapon {unknown}
 p - 6 scrolls of teleportation {unknown}
 r - a scroll of poison {unknown}
 s - a scroll of enchant armour {unknown}
 t - a scroll of brand weapon {unknown}
 x - a scroll of vulnerability {unknown}
Potions
 d - 5 potions of curing
 e - 2 potions of lignification
 i - 2 potions of brilliance
 o - a potion of haste {unknown}
 q - a potion of mutation {unknown}
 u - a potion of degeneration {unknown}
 w - a potion of attraction {unknown}


   Skills:
 + Level 6.9 Fighting
 + Level 7.4 Ranged Weapons
 - Level 2.1 Dodging
 - Level 0.7 Stealth


You had 6 spell levels left.
You didn't know any spells.
Your spell library contained the following spells:

 Spells                   Type           Power      Damage    Failure   Level
 Ozocubu's Armour         Ice            0%         N/A       88%         3
 Ozocubu's Refrigeration  Ice            0%         4d7       100%        7


Dungeon Overview and Level Annotations

Branches:
Dungeon (5/15)
 Temple: D:4-7

Altars:
Okawaru
Xom

Annotations:
D:3 1 runed translucent door, Crazy Yiuf


Innate Abilities, Weirdness & Mutations

You have a pair of horns on your head.
You reflexively headbutt those who attack you in melee.


Message History

The orc wizard flickers and vanishes!
Deactivating autopickup; reactivate with Ctrl-A.
Unknown command.
You shoot an arrow.
The arrow hits the iguana but does no damage.
The iguana is severely wounded.
The iguana bites you! The orc hits you with a +0 flail.
Unknown command.
You shoot an arrow. The arrow closely misses the iguana.
The arrow closely misses the adder.
The iguana bites you!
Unknown command.
You shoot an arrow. The arrow barely misses the iguana.
The arrow completely misses the adder.
The iguana bites you.
Unknown command.
Unknown command.
The orc closely misses you. You furiously retaliate!
You headbutt the orc, but do no damage. The iguana bites you!
You climb upwards.
Reactivating autopickup.
There is a stone staircase leading down here.
Unknown command.
Fire: a) +0 shortbow
Press: ? - help, Q - select action, (/) - cycle Shift-Dir - straight line, f - orc
Aim: an orc, wielding a +0 flail and wearing a +0 leather armour (66% to hit)
You shoot an arrow. The arrow barely misses the orc.
The orc barely misses you. You furiously retaliate!
You headbutt the orc. The iguana misses you. The orc hits you with a +0 flail.
* * * LOW HITPOINT WARNING * * *
The iguana bites you but does no damage.
Unknown command.
Fire: a) +0 shortbow
Press: ? - help, Q - select action, (/) - cycle Shift-Dir - straight line, f/p - orc
Aim: an orc, wielding a +0 flail and wearing a +0 leather armour (almost dead, 66% to hit)
You shoot an arrow.
The arrow hits the orc but does no damage.
The orc is almost dead.
The orc hits you with a +0 flail!
* * * LOW HITPOINT WARNING * * *
The iguana bites you!
You die...

#.# #........# #.#
#........# #.#
########.# #.# #.#
#.##########.#
#.#..........#
#.#.################
#.#o# #....... #.#@#
#.###### #.#l## #.#
#....########.#
#..#..........#
##...##########
##.###########
#...........#
###########.#
####.####


You could see an iguana and an orc.

Vanquished Creatures
  Grinder (D:3)
  A phantom (D:4)
  A necrophage (D:5)
  A scorpion (D:4)
  An iguana (D:4)
  Terence (D:2)
  Robin (D:3)
  4 adders
  An ufetubus (D:3)
  3 worms (D:2)
  3 dart slugs (D:3)
  5 orcs
  5 endoplasms
  3 giant cockroaches
  18 goblins
  8 hobgoblins
  6 jackals
  5 kobolds
  2 quokkas (D:1)
  6 ball pythons
  5 bats
  A frilled lizard (D:1)
  A rat (D:2)
83 creatures vanquished.

Notes
Turn   | Place    | Note
-------+----------+-------------------------------------------
     0 | D:1      | safid the Minotaur Hunter began the quest for the Orb.
     0 | D:1      | Reached XP level 1. HP: 18/18 MP: 0/0
   328 | D:1      | Reached XP level 2. HP: 25/25 MP: 1/1
   710 | D:1      | Found a faded altar of an unknown god.
   997 | D:2      | Reached skill level 5 in Ranged Weapons
   997 | D:2      | Reached XP level 3. HP: 31/31 MP: 2/2
   999 | D:2      | Noticed Terence
  1005 | D:2      | Killed Terence
  1150 | D:2      | Reached XP level 4. HP: 40/40 MP: 3/3
  1723 | D:3      | Found an iron altar of Okawaru.
  1738 | D:3      | Became a worshipper of Warmaster Okawaru
  2005 | D:3      | Found a shimmering altar of Xom.
  2296 | D:3      | Found a runed translucent door.
  2297 | D:3      | Noticed Crazy Yiuf
  2336 | D:3      | Noticed Robin
  2626 | D:3      | Killed Robin
  2627 | D:3      | Reached XP level 5. HP: 33/47 MP: 4/4
  2772 | D:3      | Noticed Grinder
  2787 | D:3      | Killed Grinder
  2787 | D:3      | Reached * piety under Okawaru
  2788 | D:3      | Reached skill level 5 in Fighting
  2788 | D:3      | Reached skill level 6 in Ranged Weapons
  2788 | D:3      | Reached XP level 6. HP: 43/57 MP: 5/5
  3095 | D:4      | Reached skill level 7 in Ranged Weapons
  3752 | D:4      | Reached XP level 7. HP: 53/64 MP: 6/6
  3973 | D:5      | Entered Level 5 of the Dungeon
  4001 | D:4      | Slain by an iguana

Illustrated notes

Levels and vault maps discovered:
D:1:      dpeg_arrival_short_road, layout_loops_ring,
          shapermc_ecumenical_altar_venn
D:2:      layout_loops_ring, uniq_terence
D:3:      layout_basic, mainiacjoe_overflow_six_doors_small,
          mainiacjoe_overflow_boulevard, uniq_grinder, uniq_robin,
          uniq_crazy_yiuf_cottage
D:4:      layout_loops_ring, minmay_ruptured
D:5:      layout_rooms, kennysheep_small_square, uniq_blork_the_orc

Skill      XL: |  1  2  3  4  5  6 |
---------------+-------------------+-----
Fighting       | 3 4 5 6 |  6.9
Ranged Weapons | 5 6 7 |  7.4
Dodging        | |  2.1
Stealth        | |  0.7

Action                   |  1- 3 |  4- 6 |  7- 9 || total
-------------------------+-------+-------+-------++-------
 Fire: Shortbow          |    97 |   177 |    20 ||   294
  Use: Potion            |       |     5 |       ||     5
Armor: Leather armour    |     9 |    20 |     2 ||    31
       Skin              |       |     9 |       ||     9
Dodge: Dodged            |    30 |    74 |    15 ||   119
